 Dungeon Crawl Stone Soup version 0.23.0 (webtiles) character file.

Game seed: 11350164042955315822

230 Inarius the Skirmisher (level 5, -2/45 HPs)
             Began as a Draconian Wanderer on Feb 13, 2019.
             Was a Believer of Cheibriados.
             Killed by nerve-wracking pain
             ... invoked by an orc priest
              (10 damage)
             ... on level 3 of the Dungeon.
             The game lasted 00:05:10 (3943 turns).

Inarius the Skirmisher (Draconian Wanderer)         Turns: 3943, Time: 00:05:11

Health: -2/45      AC:  7    Str: 16    XL:     5   Next: 72%
Magic:  8/8        EV: 13    Int: 16    God:    Cheibriados [**....]
Gold:   155        SH:  0    Dex: 18    Spells: 8/8 levels left

rFire    . . .     SeeInvis .   k - +3 whip
rCold    . . .     Gourm    .   (no shield)
rNeg     . . .     Faith    .   (armour unavailable)
rPois    +         Spirit   .   (helmet restricted)
rElec    .         Reflect  .   e - +1 cloak
rCorr    .         Harm     .   (no gloves)
MR       +....                  (no boots)
Stlth    ++........             (no amulet)
HPRegen  0.15/turn              u - ring of poison resistance
MPRegen  0.11/turn              m - ring of protection from magic

@: lethally poisoned (-2 -> -5), very slow
A: unfitting armour, cold-blooded, AC +5
a: Bend Time, Renounce Religion


You were on level 3 of the Dungeon.
You worshipped Cheibriados.
Cheibriados was pleased with you.
You were not hungry.

You visited 1 branch of the dungeon, and saw 4 of its levels.

You collected 155 gold pieces.

Inventory:

Hand Weapons
 d - a +0 dagger
 k - a +3 whip (weapon)
 w - a +2 antimagic spear
Missiles
 y - 4 tomahawks (quivered)
Armour
 e - a +1 cloak (worn)
Jewellery
 j - a +2 ring of intelligence
 m - a ring of protection from magic (right hand)
 u - a ring of poison resistance (left hand)
Wands
 x - a wand of polymorph (3)
Scrolls
 a - 2 scrolls of immolation {unknown}
 b - a scroll of teleportation {unknown}
 g - 3 scrolls of amnesia {unknown}
 h - 8 scrolls of identify {unknown}
 p - 6 scrolls of remove curse {unknown}
 s - a scroll of fog {unknown}
 v - a scroll of blinking {unknown}
 z - a scroll of fear {unknown}
Potions
 c - 2 potions of lignification
 i - a potion of berserk rage {unknown}
 l - 2 potions of flight {unknown}
 n - a potion of cancellation {unknown}
 o - a potion of brilliance {unknown}
 q - 2 potions of haste {unknown}
 r - 2 potions of might {unknown}
 t - a potion of heal wounds {unknown}
 A - a potion of magic {unknown}
Comestibles
 f - 9 rations


   Skills:
 * Level 3.4 Fighting
 - Level 1.0 Short Blades
 * Level 3.2 Maces & Flails
 - Level 1.7 Throwing
 + Level 1.9 Dodging
 - Level 2.0 Spellcasting
   Level 2.0 Conjurations
   Level 1.7 Charms
   Level 2.0 Air Magic
 * Level 1.0 Invocations


You had 8 spell levels left.
You didn't know any spells.
Your spell library contained the following spells:

 Spells                   Type           Power        Failure   Level  Hunger
 Magic Dart               Conj           #...         9%          1    #......
 Animate Skeleton         Necr           N/A          21%         1    #......
 Blink                    Tloc           N/A          30%         2    ###....
 Call Imp                 Summ           #.......     30%         2    ###....
 Slow                     Hex            #.......     30%         2    ###....
 Mephitic Cloud           Conj/Pois/Air  #.......     34%         3    ###....
 Conjure Flame            Conj/Fire      #.......     38%         3    ###....
 Regeneration             Chrm/Necr      #.........   41%         3    ###....


Dungeon Overview and Level Annotations

Branches:
Dungeon (4/15)
 Temple: D:4-7

Altars:
Cheibriados
Qazlal
Ru
Sif Muna


Innate Abilities, Weirdness & Mutations

Your plain brown scales are hard. (AC +5)
You cannot fit into any form of body armour.
You are cold-blooded and may be slowed by cold attacks.


Message History

The orc priest is heavily wounded.
You feel sick. The worker ant closely misses you.
The orc priest hits you with a +0 trident.
You hit the orc priest. You tail-slap the orc priest.
The orc priest is severely wounded.
The worker ant bites you.
* * * LOW HITPOINT WARNING * * *
You barely miss the orc priest. You tail-slap the orc priest.
The orc priest is almost dead.
You feel sick.
The orc priest hits you with a +0 trident.
* * * LOW HITPOINT WARNING * * *
The worker ant closely misses you.
You hit the orc priest.
The orc priest is almost dead.
The worker ant bites you.
* * * LOW HITPOINT WARNING * * *
The orc priest mumbles some strange prayers to Beogh against you.
Pain shoots through your body!
You die...

################ ###
#..............# ..#
#.......######.# ..#
#.......#...##.#
..########...#.#o##.#
...............a@##.#
..##########.#.####.#
..#### #.#.# #(#
#....# #.#.# #.#
#....### #.#.# #.#
.....'.# #.#.# #.#
#....#.# #.#.# #.#
######.#####.#.# #.#
######.......#.# #.#


You could see a worker ant and an orc priest.

Vanquished Creatures
  A hound (D:3)
  An orc wizard (D:4)
  6 gnolls
  4 adders
  2 oozes
  3 worms
  2 leopard geckos
  4 orcs (D:3)
  3 giant cockroaches
  5 goblins
  3 hobgoblins
  8 jackals
  9 bats
  2 frilled lizards
  3 kobolds
  4 rats (D:1)
60 creatures vanquished.

Notes
Turn   | Place    | Note
-------+----------+-------------------------------------------
     0 | D:1      | Inarius the Draconian Wanderer began the quest for the Orb.
     0 | D:1      | Inarius set off with the following items: a potion of
                  | lignification, a +0 dagger, a ration; and the following
                  | spells available to memorise: Magic Dart, Animate Skeleton,
                  | Blink, Call Imp, Slow, Mephitic Cloud, Conjure Flame,
                  | Regeneration
     0 | D:1      | Reached XP level 1. HP: 14/14 MP: 3/3
   148 | D:1      | Reached skill level 1 in Fighting
   478 | D:1      | Reached XP level 2. HP: 23/24 MP: 5/5
  1379 | D:2      | Reached XP level 3. HP: 30/30 MP: 6/6
  1649 | D:2      | Reached skill level 1 in Dodging
  1866 | D:2      | Reached skill level 1 in Maces & Flails
  1867 | D:2      | Found a stormy altar of Qazlal.
  1918 | D:2      | Reached XP level 4. HP: 37/37 MP: 7/7
  1933 | D:2      | Reached skill level 1 in Short Blades
  1944 | D:2      | Found a sacrificial altar of Ru.
  1980 | D:2      | Found a faded altar of an unknown god.
  2097 | D:2      | Became a worshipper of Cheibriados the Contemplative
  2097 | D:2      | Reached * piety under Cheibriados
  2301 | D:2      | Found a deep blue altar of Sif Muna.
  3108 | D:3      | Reached XP level 5. HP: 45/45 MP: 8/8
  3627 | D:3      | Reached ** piety under Cheibriados
  3688 | D:3      | Reached skill level 1 in Invocations
  3943 | D:3      | Killed from afar by an orc priest

Skill      XL: |  1  2  3  4  5 |
---------------+----------------+-----
Fighting       | 1 2 3 |  3.4
Dodging        | 1 |  1.9
Maces & Flails | 1 2 3 |  3.2
Short Blades   | 1 |  1.0
Invocations    | 1 |  1.0
Throwing       | |  1.7
Spellcasting   | |  2.0
Conjurations   | |  2.0
Charms         | |  1.7
Air Magic      | |  2.0

Action                   |  1- 3 |  4- 6 || total
-------------------------+-------+-------++-------
Melee: Dagger            |    41 |       ||    41
       Tailslap          |    12 |    24 ||    36
       Whip              |    55 |   136 ||   191
Throw: Tomahawk          |       |     3 ||     3
 Stab: Sleeping          |       |     2 ||     2
  Eat: Chunk             |     3 |     3 ||     6
Armor: Skin              |    36 |    67 ||   103
Dodge: Dodged            |    53 |   133 ||   186
